 Dungeon Crawl Stone Soup version 0.22-a0-179-gb5258fd (webtiles) character file.

142 wolfsongas the Shooter (level 5, -2/43 HPs)
             Began as a Gnoll Wanderer on Feb 13, 2018.
             Slain by a gnoll (6 damage)
             ... on level 2 of the Dungeon.
             The game lasted 00:04:40 (1701 turns).

wolfsongas the Shooter (Gnoll Wanderer)             Turns: 1701, Time: 00:04:40

Health: -2/43      AC: 10    Str: 20    XL:     5   Next: 24%
Magic:  7/7        EV: 10    Int: 13    God:
Gold:   98         SH:  0    Dex: 15    Spells: 6/6 levels left

rFire    . . .     SeeInvis .   r - +0 flail
rCold    . . .     Gourm    .   (no shield)
rNeg     . . .     Faith    .   h - +1 scale mail
rPois    .         Spirit   .   (no helmet)
rElec    .         Reflect  .   (no cloak)
rCorr    .         Harm     .   (no gloves)
MR       .....                  (no boots)
Stlth    +.........             (no amulet)
HPRegen  0.14/turn              (no ring)
MPRegen  0.10/turn              (no ring)

@: lethally poisoned (-2 -> -6)
A: distributed training, fangs 1, molten scales 2, strong 2, strong nose
a: no special abilities


You were on level 2 of the Dungeon.
You were not hungry.

You visited 1 branch of the dungeon, and saw 3 of its levels.

You collected 98 gold pieces.

Inventory:

Hand Weapons
 b - a +0 shortbow
 r - a +0 flail (weapon)
Missiles
 c - 25 bolts
 e - 12 arrows
Armour
 f - a +0 robe
 h - a +1 scale mail (worn)
Wands
 d - a wand of random effects (40)
Scrolls
 k - 2 scrolls of remove curse
 o - 3 scrolls of teleportation
Potions
 i - a potion of curing
 l - a potion of haste {unknown}
 m - a potion of degeneration {unknown}
 n - a potion of mutation
 p - a potion of flight {unknown}
 q - a potion of agility {unknown}
Comestibles
 g - 6 rations


   Skills:
 + Level 4.7 Fighting
 + Level 1.4 Short Blades
 + Level 1.4 Long Blades
 + Level 1.4 Axes
 + Level 4.7 Maces & Flails
 + Level 1.4 Polearms
 + Level 1.4 Staves
 + Level 1.4 Slings
 + Level 6.6 Bows
 + Level 1.4 Crossbows
 + Level 1.4 Throwing
 + Level 2.9 Armour
 + Level 1.4 Dodging
 + Level 2.7 Stealth
 + Level 1.4 Shields
 + Level 1.4 Unarmed Combat
 + Level 1.4 Spellcasting
 + Level 1.1 Conjurations
 + Level 1.1 Hexes
 + Level 1.1 Charms
 + Level 1.1 Summonings
 + Level 1.1 Necromancy
 + Level 1.1 Translocations
 + Level 1.1 Transmutations
 + Level 1.1 Fire Magic
 + Level 1.1 Ice Magic
 + Level 1.1 Air Magic
 + Level 1.1 Earth Magic
 + Level 1.1 Poison Magic
 + Level 1.5 Invocations
 + Level 2.9 Evocations


You had 6 spell levels left.
You didn't know any spells.

Dungeon Overview and Level Annotations

Branches:
Dungeon (3/15)

Altars:


Innate Abilities, Weirdness & Mutations

Your experience applies equally to all skills.
You have very sharp teeth.
Your uncanny sense of smell can sniff out nearby items.
You are mostly covered in molten scales. (AC +3)
Your muscles are very strong. (Str +4)


Message History

A goblin comes into view.
You feel sick.
The gnoll hits you from afar with a spear.
The orc closely misses you.
There is a stone staircase leading up, spattered with blood here.
Press: ? - help, v - describe, . - travel A stone staircase leading up, spattered with blood.
You feel sick. The gnoll barely misses you.
The gnoll hits you from afar with a spear!
The orc hits you but does no damage.
You climb upwards.
You feel sick.
There is a stone staircase leading down here.
You closely miss the gnoll. You bite the gnoll, but do no damage.
You feel sick. The gnoll hits you. The orc closely misses you.
The gnoll hits you!
* * * LOW HITPOINT WARNING * * *
You closely miss the gnoll. The orc hits you.
* * * LOW HITPOINT WARNING * * *
The gnoll hits you.
You die...

############# #............
###### #######.###########
#....##### #..................
#........######.....#.###########
#.....<......................#...
##....##.######o@...#.#.###......
##.#.###.######.g...#....###.#.##
...#.#
#...............#..(.รท).##
####.# ###.######.#.......##(####
# #.# #.# #.###.........).. # #.#
#.# #.# #.#.#.##.#### # #.# #.#
#.# #.....##..... # #.#####.#
#.###.#.######### ####....(#.#
##.#.....#


You could see a gnoll and an orc.

Vanquished Creatures
  Terence (D:2)
  2 gnolls (D:2)
  3 adders (D:2)
  3 worms (D:2)
  4 dart slugs
  2 leopard geckos (D:1)
  An orc (D:2)
  2 giant cockroaches (D:1)
  4 goblins (D:1)
  6 hobgoblins
  6 jackals
  A ball python (D:1)
  5 bats (D:2)
  2 frilled lizards (D:1)
  7 kobolds
  6 rats
55 creatures vanquished.

Notes
Turn   | Place    | Note
-------+----------+-------------------------------------------
     0 | D:1      | wolfsongas the Gnoll Wanderer began the quest for the Orb.
     0 | D:1      | wolfsongas set off with: a +2 mace, a +0 hand crossbow, 25 bolts, a +0 shortbow, 23 arrows, a +0 robe, a ration
     0 | D:1      | Reached XP level 1. HP: 20/20 MP: 2/2
    61 | D:1      | Reached XP level 2. HP: 21/26 MP: 3/3
   353 | D:1      | Reached XP level 3. HP: 24/31 MP: 4/4
   798 | D:2      | Reached skill level 1 in Invocations
   893 | D:2      | Reached skill level 1 in Short Blades
   893 | D:2      | Reached skill level 1 in Long Blades
   893 | D:2      | Reached skill level 1 in Axes
   893 | D:2      | Reached skill level 1 in Polearms
   893 | D:2      | Reached skill level 1 in Staves
   893 | D:2      | Reached skill level 1 in Slings
   893 | D:2      | Reached skill level 1 in Crossbows
   893 | D:2      | Reached skill level 1 in Throwing
   893 | D:2      | Reached skill level 1 in Dodging
   893 | D:2      | Reached skill level 1 in Shields
   893 | D:2      | Reached skill level 1 in Unarmed Combat
   893 | D:2      | Reached skill level 1 in Spellcasting
   898 | D:2      | Reached XP level 4. HP: 38/38 MP: 4/6
   973 | D:2      | Noticed Terence
   998 | D:2      | Killed Terence
   998 | D:2      | Reached skill level 1 in Conjurations
   998 | D:2      | Reached skill level 1 in Hexes
   998 | D:2      | Reached skill level 1 in Charms
   998 | D:2      | Reached skill level 1 in Summonings
   998 | D:2      | Reached skill level 1 in Necromancy
   998 | D:2      | Reached skill level 1 in Translocations
   998 | D:2      | Reached skill level 1 in Transmutations
   998 | D:2      | Reached skill level 1 in Fire Magic
   998 | D:2      | Reached skill level 1 in Ice Magic
   998 | D:2      | Reached skill level 1 in Air Magic
   998 | D:2      | Reached skill level 1 in Earth Magic
   998 | D:2      | Reached skill level 1 in Poison Magic
  1107 | D:2      | Gained mutation: You are partially covered in molten scales. (AC +2) [potion of mutation]
  1107 | D:2      | Gained mutation: You are mostly covered in molten scales. (AC +3) [potion of mutation]
  1107 | D:2      | Gained mutation: Your muscles are strong. (Str +2) [potion of mutation]
  1107 | D:2      | Gained mutation: Your muscles are very strong. (Str +4) [potion of mutation]
  1217 | D:2      | Reached XP level 5. HP: 39/43 MP: 7/7
  1701 | D:2      | Slain by a gnoll

Vault maps used:
D:1:      dpeg_arrival_houses_and_road
D:2:      uniq_terence
D:3:      first_ration, hangedman_decor_slide_cut, uniq_robin

Skill      XL: |  1  2  3  4 |
---------------+-------------+-----
Invocations    | 1 |  1.5
Short Blades   | 1 |  1.4
Long Blades    | 1 |  1.4
Axes           | 1 |  1.4
Polearms       | 1 |  1.4
Staves         | 1 |  1.4
Slings         | 1 |  1.4
Crossbows      | 1 |  1.4
Throwing       | 1 |  1.4
Dodging        | 1 |  1.4
Shields        | 1 |  1.4
Unarmed Combat | 1 |  1.4
Spellcasting   | 1 |  1.4
Conjurations   | 1 |  1.1
Hexes          | 1 |  1.1
Charms         | 1 |  1.1
Summonings     | 1 |  1.1
Necromancy     | 1 |  1.1
Translocations | 1 |  1.1
Transmutations | 1 |  1.1
Fire Magic     | 1 |  1.1
Ice Magic      | 1 |  1.1
Air Magic      | 1 |  1.1
Earth Magic    | 1 |  1.1
Poison Magic   | 1 |  1.1
Fighting       | |  4.7
Maces & Flails | |  4.7
Bows           | |  6.6
Armour         | |  2.9
Stealth        | |  2.7
Evocations     | |  2.9

Action                   |  1- 3 |  4- 6 || total
-------------------------+-------+-------++-------
Melee: Mace              |       |    45 ||    45
       Bite              |       |     6 ||     6
       Flail             |       |    15 ||    15
       Punch             |       |     1 ||     1
 Fire: Shortbow          |    96 |    22 ||   118
  Use: Scroll            |     6 |     2 ||     8
       Potion            |       |     2 ||     2
  Eat: Chunk             |       |     2 ||     2
Armor: Robe              |     3 |       ||     3
       Scale mail        |    12 |    52 ||    64
Dodge: Dodged            |    22 |    70 ||    92

Table legend:
 A = Spawn XP
 B = Non-spawn XP
 C = Spawn XP percentage of total XP
 D = Spawn monster count
 E = Non-spawn monster count
 F = Spawn count percentage of total count
 G = Total turns spent on level
                    A         B        C        D         E        F      G
               +---------+---------+-------+---------+---------+-------+---------
         Total |       0 |     203 |   0.0 |       0 |      55 |   0.0 |  1701
               +---------+---------+-------+---------+---------+-------+---------
           D:1 |       0 |      52 |   0.0 |       0 |      29 |   0.0 |   764
           D:2 |       0 |     151 |   0.0 |       0 |      26 |   0.0 |   925
               +---------+---------+-------+---------+---------+-------+---------
